 Dungeon Crawl Stone Soup version 0.31.0-1-g2c135a0 (webtiles) character file.

Game seed: 5441432120433272148

1923 wwoth the Basher (level 8, -1/71 HPs)
             Began as a Minotaur Berserker on Feb 12, 2024.
             Was an Elder of Trog.
             Slain by a cyclops (22 damage)
             ... on level 7 of the Dungeon on Feb 13, 2024.
             The game lasted 01:29:24 (5484 turns).

wwoth the Basher (Minotaur Berserker)               Turns: 5484, Time: 01:29:25

Health: -1/71      AC: 11    Str: 22    XL:     8   Next: 96%
Magic:  7/7        EV: 12    Int:  4    God:    Trog [****..]
Gold:   338        SH:  6    Dex: 17    Spells: 7/7 levels left

rFire   + . .        w - +2 mace (flame)
rCold   x . .        d - +2 buckler
rNeg    . . .        C - +0 scale mail
rPois   .            (helmet restricted)
rElec   .            (no cloak)
rCorr   .            f - +1 pair of gloves
SInv    .            e - +0 pair of boots
Will    .....        (no amulet)
Stlth   +            H - ring "Ylie" {Fire Dex+5}
HPRegen 0.31/turn    (no ring)
MPRegen 0.10/turn

%: no passive effects
@: on berserk cooldown, slowed, very slow
A: horns 2, retaliatory headbutt
a: Renounce Religion, Berserk, Trog's Hand, Brothers in Arms


You were on level 7 of the Dungeon.
You worshipped Trog.
Trog was greatly pleased with you.
You visited 2 branches of the dungeon, and saw 8 of its levels.

You collected 338 gold pieces.

Inventory:

Hand Weapons
 t - a +0 dagger of pain
 w - a +2 mace of flaming (weapon)
Missiles
 g - 42 stones (quivered)
 v - 12 poisoned darts
Armour
 d - a +2 buckler (worn)
 e - a +0 pair of boots (worn)
 f - a +1 pair of gloves (worn)
 C - a +0 scale mail (worn)
Jewellery
 k - a ring of see invisible
 H - the ring "Ylie" (left hand) {Fire Dex+5}
   (You found it on level 6 of the Dungeon)

   [ring of fire]

   Fire:      It enhances your fire magic.
   Dex+5:     It affects your dexterity (+5).
   rF+:       It protects you from fire.
   rC-:       It makes you vulnerable to cold.
Talismans
 q - a storm talisman
 x - a beast talisman
Wands
 s - a wand of paralysis (9)
 G - a wand of iceblast (3)
Scrolls
 c - 3 scrolls of identify
 i - 2 scrolls of brand weapon
 j - 3 scrolls of teleportation
 m - 2 scrolls of blinking {unknown}
 o - a scroll of butterflies
 p - a scroll of acquirement {unknown}
 u - a scroll of vulnerability {unknown}
 y - a scroll of amnesia {unknown}
 A - a scroll of enchant weapon {unknown}
 F - a scroll of immolation {unknown}
Potions
 h - 3 potions of curing {unknown}
 l - 2 potions of berserk rage {unknown}
 n - 2 potions of haste {unknown}
 r - a potion of might {unknown}
 z - a potion of invisibility {unknown}
 B - a potion of heal wounds {unknown}
 D - a potion of attraction {unknown}
 E - 2 potions of brilliance {unknown}


   Skills:
 + Level 6.9 Fighting
 + Level 9.8 Maces & Flails
 + Level 1.3 Throwing
 + Level 6.2 Armour
 + Level 5.5 Dodging
 + Level 1.6 Stealth


You had 7 spell levels left.
You didn't know any spells.
Your spell library contained the following spells:

 Spells                   Type           Power      Damage    Failure   Level
 Cigotuvi's Dreadful Rot  Necr/Alch/Air  0%         N/A       95%         2
 Ignite Poison            Fire/Alch      0%         N/A       100%        4
 Freezing Cloud           Conj/Ice/Air   0%         6-21      100%        5


Dungeon Overview and Level Annotations

Branches:
Dungeon (7/15)             Temple (1/1) D:4

Altars:
Dithmenos
Fedhas
Gozag
Hepliaklqana
Kikubaaqudgha
Makhleb
Nemelex Xobeh
Ru
Sif Muna
Trog
Vehumet
Wu Jian
Yredelemnul
Zin
The Shining One

Shops:
D:7 [


Innate Abilities, Weirdness & Mutations

You have a pair of horns on your head.
You reflexively headbutt those who attack you in melee.


Message History

You closely miss the shadow. Your headbutt misses the shadow.
The shadow slips into darkness.
The shadow flickers and vanishes!
Deactivating autopickup; reactivate with Ctrl-A.
You closely miss something. Your headbutt misses something. You sock something!
You burn something.
The shadow strikes at you from the darkness!
* * * LOW HITPOINT WARNING * * *
Reactivating autopickup.
You sock the shadow! You burn the shadow.
You destroy the shadow!
Trog accepts your kill.
Your Armour skill increases to level 6!
You sock the bullfrog! You burn the bullfrog.
The bullfrog is severely wounded.
The bullfrog barely misses you.
You sock the bullfrog! You burn the bullfrog.
You kill the bullfrog!
Trog accepts your kill.
You sock the orc! You burn the orc.
You kill the orc!
Trog accepts your kill. You block the white imp's attack.
The orc hits you with a +0 trident.
* * * LOW HITPOINT WARNING * * *
Items here: )) [ †.
You barely miss the white imp. You headbutt the white imp!
The white imp is almost dead.
You hit the white imp. You burn the white imp.
You kill the white imp!
Trog accepts your kill. The orc hits you but does no damage.
You closely miss the orc. You headbutt the orc.
The orc is severely wounded.
You sock the orc! You burn the orc.
You kill the orc!
Trog accepts your kill.
You are no longer berserk.
You are exhausted.
You feel yourself slow down. The cyclops hits you!!
You die...

:................#
...>............#
#####..........#
#...##.
...##..........#
:.....#
...#######.###.#
......C
...##...##.# #.##
o......
...........# #..#
.oo...#
...##......#
##)##5......
#####......#
#.@#.F..#
#.......# ##.C#
#.......# ##...#
#.......# #####
#########


You could see a cyclops.

Vanquished Creatures
  The ghost of selexin the Trooper, a novice DsRe of Jiyva (D:6)
  A shadow (D:7)
  A steam dragon (D:5)
  2 ice beasts
  A sky beast (D:5)
  A kobold brigand (D:6)
  A bullfrog (D:7)
  3 scorpions
  A bombardier beetle (D:5)
  2 jellies (D:5)
  3 hounds
  A gnoll bouda (D:5)
  2 orc priests
  Ijyb (D:3)
  Jessica (D:2)
  4 iguanas
  A bullfrog simulacrum (D:6)
  4 gnolls (D:5)
  7 adders
  6 white imps
  2 ufetubi (D:6)
  5 dart slugs
  2 ribbon worms
  17 orcs
  8 bats
  6 endoplasms
  2 giant cockroaches
  7 goblins
  6 hobgoblins
  4 jackals (D:5)
  4 quokkas
  6 ball pythons
  7 frilled lizards
  12 kobolds
  5 rats (D:1)
137 creatures vanquished.

Notes
Turn   | Place    | Note
-------+----------+-------------------------------------------
     0 | D:1      | wwoth the Minotaur Berserker began the quest for the Orb.
     0 | D:1      | Reached XP level 1. HP: 19/19 MP: 0/0
    51 | D:1      | Reached skill level 4 in Maces & Flails
   105 | D:1      | Reached XP level 2. HP: 27/27 MP: 1/1
   613 | D:1      | Reached XP level 3. HP: 33/33 MP: 2/2
   656 | D:1      | Reached ** piety under Trog
   911 | D:2      | Noticed Jessica
   915 | D:2      | Killed Jessica
  1083 | D:2      | Reached XP level 4. HP: 40/40 MP: 3/3
  1246 | D:2      | Reached skill level 5 in Maces & Flails
  1968 | D:3      | Found a sparkling altar of Nemelex Xobeh.
  1993 | D:3      | Found a hazy altar of Hepliaklqana.
  1993 | D:3      | Found a blossoming altar of Fedhas.
  1993 | D:3      | Found a radiant altar of Vehumet.
  2013 | D:3      | Noticed Ijyb
  2018 | D:3      | Paralysed by Ijyb for 5 turns
  2030 | D:3      | Killed Ijyb
  2363 | D:3      | Reached XP level 5. HP: 47/47 MP: 4/4
  2940 | D:4      | Reached skill level 6 in Maces & Flails
  3041 | D:4      | Reached *** piety under Trog
  3165 | D:4      | Found a staircase to the Ecumenical Temple.
  3171 | Temple   | Entered the Ecumenical Temple
  3253 | D:4      | Found an opulent altar of Gozag.
  3507 | D:4      | Reached XP level 6. HP: 53/53 MP: 5/5
  3520 | D:5      | Entered Level 5 of the Dungeon
  3562 | D:5      | Found a bloodstained altar of Trog.
  3576 | D:5      | Reached skill level 1 in Stealth
  3589 | D:5      | Noticed a sky beast
  3589 | D:5      | Noticed a steam dragon
  3609 | D:5      | Killed a sky beast
  3613 | D:5      | Killed a steam dragon
  3614 | D:5      | Reached skill level 5 in Fighting
  3614 | D:5      | Reached skill level 7 in Maces & Flails
  3684 | D:5      | Noticed an ice beast
  3694 | D:5      | Killed an ice beast
  3695 | D:5      | Reached XP level 7. HP: 61/61 MP: 6/6
  3720 | D:5      | Found a burning altar of Makhleb.
  3744 | D:5      | Reached skill level 1 in Throwing
  3838 | D:5      | Reached skill level 8 in Maces & Flails
  4134 | D:5      | Found an ancient bone altar of Kikubaaqudgha.
  4449 | D:5      | Found a shimmering blue altar of Sif Muna.
  4620 | D:6      | Found a runed translucent gate.
  4620 | D:6      | Found a runed translucent gate.
  4620 | D:6      | Found a runed translucent gate.
  4640 | D:6      | Noticed selexin's ghost (novice DsRe)
  4667 | D:6      | Reached XP level 8. HP: 54/70 MP: 7/7
  4669 | D:6      | Reached skill level 5 in Dodging
  4752 | D:6      | Killed selexin's ghost
  4753 | D:6      | Reached skill level 9 in Maces & Flails
  4753 | D:6      | Reached skill level 5 in Armour
  4844 | D:6      | Identified the ring "Ylie" {Fire Dex+5}
  5108 | D:6      | Reached **** piety under Trog
  5308 | D:7      | Found Yzezid's Armour Emporium.
  5461 | D:7      | Noticed a cyclops
  5484 | D:7      | Slain by a cyclops

Illustrated notes

Levels and vault maps discovered:
D:1:      minmay_arrival_checkered_box, layout_basic,
          ebering_dispersal_statue_hall
D:2:      layout_basic, minmay_fountain_box, kennysheep_potato, uniq_jessica
D:3:      layout_loops_cross, mainiacjoe_overflow_paths,
          chequers_temple_overflow_statue_of_worship,
          kennysheep_generic_room_10, uniq_ijyb
D:4:      layout_basic, nicolae_gozag_seed_capital,
          minmay_temple_entry_enclosed_plants
D:5:      layout_basic, mainiacjoe_overflow_chevrons,
          mainiacjoe_overflow_small_starburst,
          mainiacjoe_overflow_catch_the_wave
D:6:      layout_rooms, gammafunk_ghost_icy, corexii_leaking_fountain
D:7:      layout_gridville, nicolae_ashenzari_panopticon, serial_shops, shop,
          enter_bailey_8, serial_library_hellmonk_small_corner,
          minmay_manual_moon
Temple:   hellmonk_temple_micro_hex

Skill      XL: |  1  2  3  4  5  6  7  8 |
---------------+-------------------------+-----
Maces & Flails | 4 5 6 7 8 9 |  9.8
Fighting       | 4 5 6 |  6.9
Dodging        | 3 4 5 |  5.5
Stealth        | 1 |  1.6
Throwing       | 1 |  1.3
Armour         | 3 6 |  6.2

Action                     |  1- 3 |  4- 6 |  7- 9 || total
---------------------------+-------+-------+-------++-------
  Melee: Mace              |    54 |    96 |   189 ||   339
         Headbutt          |     7 |    15 |    40 ||    62
         Punch             |       |     1 |     4 ||     5
  Throw: Stone             |     4 |    19 |    11 ||    34
 Invoke: Berserk           |       |       |     2 ||     2
         Trog's Hand       |       |       |     2 ||     2
    Use: Scroll            |       |     1 |     5 ||     6
   Stab: Distracted        |     1 |       |       ||     1
 Armour: Animal skin       |    18 |    55 |       ||    73
         Scale mail        |       |    20 |   152 ||   172
  Dodge: Dodged            |    42 |    75 |   105 ||   222
  Block: Buckler           |       |       |     3 ||     3
